 Dungeon Crawl Stone Soup version 0.18-a0-1774-gce1f7b6 (webtiles) character file.

3700 George the Blocker (level 10, -2/82 HPs)
             Began as a Formicid Fighter on Apr 15, 2016.
             Slain by Gruesome's ghost (21 damage)
             ... in an ice cave.
             The game lasted 00:18:01 (6446 turns).

George the Blocker (Formicid Fighter)               Turns: 6446, Time: 00:18:01

Health: -2/82      AC: 13    Str: 28    XL:     10   Next: 35%
Magic:  10/10      EV: 16    Int:  8    God:
Gold:   229        SH: 13    Dex: 16    Spells: 0 memorised, 9 levels left

rFire  + . .     SeeInvis +     W - +1 long sword (elec)
rCold  . . .     Gourm    .     P - +0 plate armour "Qewoo" {*Drain rElec rCorr} (curse)
rNeg   . . .     Faith    .     c - +0 shield
rPois  .         Spirit   .     (helmet unavailable)
rElec  +         Dismiss  .     (no cloak)
rCorr  +         Reflect  .     (no gloves)
SustAt .         Harm     .     (no boots)
MR     +....                    h - amulet of regeneration
Stlth  ..........               S - +4 ring of evasion
                                R - ring of protection from fire

@: mighty, agile, somewhat resistant to hostile enchantments, extremely
unstealthy
A: permanent stasis, dig shafts and tunnels, four strong arms, antennae 3
a: Dig, Shaft Self


You were in an ice cave.
You were not hungry.

You visited 2 branches of the dungeon, and saw 10 of its levels.
You also visited: Sewer and Ice Cave.

You collected 379 gold pieces.
You spent 150 gold pieces at shops.

Inventory:

Hand Weapons
 D - a +3 short sword of venom
 N - a +0 great sword of freezing
 W - a +1 long sword of electrocution (weapon)
Armour
 c - a +0 shield (worn)
 P - the cursed +0 plate armour "Qewoo" (worn) {*Drain rElec rCorr}
   (You found it on level 5 of the Dungeon)

   It insulates you from electricity.
   It protects you from acid and corrosion.
   It causes draining when unequipped.
   It has a curse placed upon it.
Jewellery
 h - an amulet of regeneration (around neck)
 s - an uncursed ring of fire
 E - an uncursed ring of positive energy
 R - a ring of protection from fire (left hand)
 S - a +4 ring of evasion (right hand)
Wands
 F - a wand of slowing (42/48)
 Y - a wand of heal wounds (4/9)
Scrolls
 i - 5 scrolls of fear
 y - 3 scrolls of remove curse
 C - a scroll of recharging
 M - a scroll of enchant weapon
 U - 2 scrolls of silence
Potions
 d - a potion of might
 k - 2 potions of flight
 m - 2 potions of ambrosia
 o - 2 potions of magic
 p - 3 potions of brilliance
 q - 6 potions of curing
 v - 6 potions of heal wounds
 w - 2 potions of agility
 J - 4 potions of lignification {unknown}
Comestibles
 f - 6 bread rations
 r - 4 fruits
 x - 2 slices of pizza
 H - 3 beef jerkies
 L - a royal jelly
 O - 3 meat rations


   Skills:
 + Level 8.6 Fighting
 + Level 7.3 Long Blades
 + Level 8.5 Armour
 + Level 9.3 Shields


You had 9 spell levels left.
You didn't know any spells.

Dungeon Overview and Level Annotations

Branches:
Dungeon (11/15)            Temple (1/1) D:7            Lair (0/8) D:11
    Orc: D:9-12

Altars:
Ashenzari
Cheibriados
Dithmenos
Elyvilon
Fedhas
Gozag
Kikubaaqudgha
Nemelex Xobeh
Pakellas
Qazlal
Sif Muna
Trog
Vehumet
Xom
Yredelemnul
Zin
The Shining One

Shops:
D:4 (

Annotations:
IceCv Gruesome's ghost, journeyman DsMo


Innate Abilities, Weirdness & Mutations

You are under a permanent stasis effect.
You can dig through walls and to a lower floor.
Your four strong arms can wield two-handed weapons with a shield.
You have a pair of large antennae on your head (SInv).


Message History

There is a sudden explosion of sparks!
Gruesome's ghost is heavily damaged.
You block Gruesome's ghost's attack.
You barely miss Gruesome's ghost.
Gruesome's ghost is heavily damaged.
You block Gruesome's ghost's attack.
You miss Gruesome's ghost.
Gruesome's ghost is heavily damaged.
You block Gruesome's ghost's attack.
You hit Gruesome's ghost.
Gruesome's ghost is heavily damaged.
Gruesome's ghost closely misses you.
You closely miss Gruesome's ghost.
Gruesome's ghost is heavily damaged.
Gruesome's ghost closely misses you.
You hit Gruesome's ghost but do no damage.
There is a sudden explosion of sparks!
Gruesome's ghost is severely damaged.
Gruesome's ghost hits you!!
You die...

... .... .....{
#### .....# ##..##
......######....##
........##.......#
...........4.∩∩..#
...........W.....#
......##..##@...##
.....# ######..##
.....{ #### ....
... ..#


You could see an ice devil and Gruesome's ghost.

Vanquished Creatures
  A hill giant (D:11)
  A gargoyle (D:8)
  An ice devil (IceCv)
  Prince Ribbit (D:5)
  A wyvern (D:5)
  Duvessa (D:7)
  An orc warrior (D:11)
  An ice beast (D:11)
  2 ogres
  2 centaurs
  5 big kobolds
  A wyvern zombie (D:7)
  Dowan (D:7)
  A howler monkey (D:4)
  4 crimson imps
  2 jellies
  2 giant frog skeletons
  6 orc priests
  5 hounds
  Natasha (thrice) (D:3)
  4 orc wizards
  4 worker ants
  A howler monkey skeleton (D:6)
  12 adders
  8 gnolls
  5 river rats (Sewer)
  An adder skeleton (D:6)
  An adder zombie (D:8)
  3 worms
  A dart slug (D:1)
  7 giant geckos
  18 orcs
  9 giant cockroaches
  5 goblins
  8 hobgoblins
  8 jackals (D:2)
  35 kobolds
  5 quokkas
  11 ball pythons
  6 bats
  2 giant newts
  27 rats
223 creatures vanquished.

Notes
Turn   | Place    | Note
--------------------------------------------------------------
     0 | D:1      | George the Formicid Fighter began the quest for the Orb.
     0 | D:1      | Reached XP level 1. HP: 18/18 MP: 1/1
    86 | D:1      | Reached XP level 2. HP: 24/24 MP: 2/2
    99 | D:1      | Reached skill level 4 in Shields
   465 | D:1      | Reached XP level 3. HP: 18/29 MP: 3/3
  1186 | D:2      | Reached XP level 4. HP: 37/37 MP: 4/4
  1721 | D:3      | Noticed Natasha
  1726 | D:3      | Killed Natasha
  1726 | D:3      | Reached XP level 5. HP: 43/43 MP: 5/5
  1976 | D:3      | Noticed Natasha
  1986 | D:3      | Killed Natasha
  2001 | D:3      | Found a glowing drain.
  2024 | D:3      | Reached skill level 5 in Shields
  2027 | D:3      | Reached XP level 6. HP: 42/49 MP: 6/6
  2040 | Sewer    | Entered a sewer
  2320 | Sewer    | Reached skill level 5 in Fighting
  2327 | Sewer    | Reached XP level 7. HP: 34/56 MP: 7/7
  2437 | Sewer    | Reached skill level 5 in Armour
  2756 | D:3      | Noticed Natasha
  2759 | D:3      | Killed Natasha
  2909 | D:3      | Found a snail-covered altar of Cheibriados.
  2919 | D:3      | Reached skill level 6 in Shields
  3133 | D:4      | Found Ydureas's Weapon Emporium.
  3447 | D:4      | Found a shimmering altar of Xom.
  3453 | D:4      | Reached XP level 8. HP: 64/64 MP: 8/8
  3754 | D:4      | Bought a +0 great sword of freezing for 150 gold pieces
  3767 | D:5      | Entered Level 5 of the Dungeon
  3819 | D:5      | Got a warped plate armour
  3830 | D:5      | Identified the cursed +0 plate armour "Qewoo" {*Drain rElec rCorr} (You found it on level 5 of the Dungeon)
  3890 | D:5      | Noticed a wyvern
  3905 | D:5      | Killed a wyvern
  3905 | D:5      | Reached skill level 5 in Long Blades
  3905 | D:5      | Reached skill level 7 in Shields
  4140 | D:5      | Noticed Prince Ribbit
  4161 | D:5      | Killed Prince Ribbit
  4354 | D:6      | Found an ancient bone altar of Kikubaaqudgha.
  4399 | D:6      | Reached XP level 9. HP: 65/71 MP: 9/9
  4961 | D:7      | Noticed Duvessa
  4962 | D:7      | Noticed Dowan
  4971 | D:7      | Killed Duvessa
  4976 | D:7      | Killed Dowan
  5167 | D:7      | Reached skill level 8 in Shields
  5351 | D:7      | Found a sparkling altar of Nemelex Xobeh.
  5578 | D:7      | Found a staircase to the Ecumenical Temple.
  5596 | Temple   | Entered the Ecumenical Temple
  5818 | D:7      | Found an oddly glowing altar of Pakellas.
  5818 | D:7      | Found a stormy altar of Qazlal.
  5987 | D:8      | Noticed a gargoyle
  6000 | D:8      | Killed a gargoyle
  6154 | D:8      | You fall through a shaft for 3 floors!
  6155 | D:11     | Found a staircase to the Lair.
  6169 | D:11     | Reached XP level 10. HP: 62/80 MP: 10/10
  6193 | D:11     | Noticed a hill giant
  6208 | D:11     | Killed a hill giant
  6208 | D:11     | Reached skill level 9 in Shields
  6293 | D:11     | Found a frozen archway.
  6302 | IceCv    | Entered an ice cave
  6309 | IceCv    | Noticed an ice devil
  6328 | IceCv    | Killed an ice devil
  6409 | IceCv    | Noticed Gruesome's ghost (journeyman DsMo)
  6441 | IceCv    | Noticed an ice devil
  6446 | IceCv    | Slain by Gruesome's ghost

Vault maps used:
D:1:      kennysheep_arrival_seaside, corexii_hall_statues_i, st_stairs_1
D:3:      cheibriados_altar_wand_db, gup_sewer_entry_glass, uniq_natasha
D:4:      led_xom_imps, serial_shops, shop
D:5:      first_bread, serial_glass, glass_columns_c, glass_columns_b,
          abandoned_shop, hangedman_abyss_or_decor_lesser_grid,
          uniq_prince_ribbit1
D:6:      basic_altar
D:7:      lemuel_crystal_altar, gammafunk_temple_overflow_elements,
          minmay_temple_entry_nine_rooms, uniq_duvessa
D:8:      overflow_temple_1_default, basic_altar
D:11:     dpeg_oklobed_lair, portal_ice_cave_entry_pillars_01
Temple:   circular_temple_12
Sewer:    sewer_minmay_treatment
IceCv:    ice_cave_tombish

Skill      XL: |  1  2  3  4  5  6  7  8  9 10 |
---------------+-------------------------------+-----
Shields        | 4 5 6 7 8 9 |  9.3
Fighting       | 4 5 6 8 |  8.6
Armour         | 4 5 6 7 8 |  8.5
Long Blades    | 3 4 5 6 7 |  7.3

Action                   |  1- 3 |  4- 6 |  7- 9 | 10-12 || total
-------------------------+-------+-------+-------+-------++-------
Melee: Long sword        |    97 |   279 |   168 |    36 ||   580
       Great sword       |       |       |   259 |    47 ||   306
 Abil: Dig               |       |       |     2 |       ||     2
Evoke: Wand              |       |       |     3 |       ||     3
  Use: Scroll            |       |     6 |    12 |     1 ||    19
       Potion            |       |       |       |     2 ||     2
  Eat: Chunk             |     1 |     4 |    14 |     2 ||    21
Armor: Scale mail        |    44 |   180 |    65 |       ||   289
       Plate armour      |       |       |   136 |    20 ||   156
Dodge: Dodged            |    35 |   127 |   163 |    38 ||   363
Block: Shield            |    64 |   244 |   305 |    59 ||   672
